 Dungeon Crawl Stone Soup version 0.28.0-47-ge53b351184 (webtiles) character file.

Game seed: 6357677037188633882

348 101zpm the Magician (level 6, -3/42 HPs)
             Began as a Djinni Wanderer on Apr 30, 2022.
             Slain by a scorpion (8 damage)
             ... on level 5 of the Dungeon.
             The game lasted 00:12:29 (5548 turns).

101zpm the Magician (Djinni Wanderer)               Turns: 5548, Time: 00:12:30

Health: -3/42      AC:  3    Str: 12    XL:     6   Next: 91%
Gold:   159        EV: 12    Int: 13    God:
                   SH:  0    Dex: 11

rFire   + + .      SeeInvis .   a - +0 quarterstaff
rCold   x . .      Faith    .   (shield currently unavailable)
rNeg    + . .      Spirit   .   c - +0 robe
rPois   ∞          Reflect  .   (no helmet)
rElec   .          Harm     .   b - +0 cloak
rCorr   .          Rampage  .   (no gloves)
Will    .....                   (boots unavailable)
Stlth   +.........              (no amulet)
HPRegen 0.14/turn               i - ring of Ycaen {+Blink Fly rN+ Str+2 Dex-5}
MPRegen 0.00/turn               (no ring)

@: flying
A: sickness immunity, fire resistance 2, cold vulnerability 1, float, innate
caster, HP casting, extra vitality 1
a: Evoke Blink


You were on level 5 of the Dungeon.
You visited 1 branch of the dungeon, and saw 6 of its levels.

You collected 159 gold pieces.

Inventory:

Hand Weapons
 a - a +0 quarterstaff (weapon)
Missiles
 g - 6 boomerangs
Armour
 b - a +0 cloak (worn)
 c - a +0 robe (worn)
Jewellery
 i - the ring of Ycaen (left hand) {+Blink Fly rN+ Str+2 Dex-5}
   (You acquired it on level 2 of the Dungeon)

   [ring of positive energy]

   Str:       It affects your strength (+2).
   Dex:       It affects your dexterity (-5).
   rN:        It protects you from negative energy.
   Fly:       It grants you flight.
   +Blink:    It lets you blink.
Scrolls
 e - 8 scrolls of identify
 j - a scroll of fog
 n - a scroll of silence {unknown}
Potions
 d - a potion of haste {unknown}
 f - a potion of brilliance {unknown}
 h - a potion of heal wounds {unknown}
 k - a potion of curing {unknown}
 l - a potion of cancellation {unknown}
 m - a potion of attraction {unknown}


   Skills:
 + Level 1.3 Fighting
 + Level 1.9 Staves
 + Level 1.0 Armour
 + Level 3.1 Dodging
 + Level 1.0 Stealth
 + Level 4.6 Spellcasting
 + Level 1.0 Evocations


You had 3 spell levels left.
You knew the following spells:

 Your Spells              Type           Power      Damage    Failure   Level
a - Sting                 Tmut/Pois      60%        1d6       2%          1
b - Olgreb's Toxic Radia  Pois           15%        N/A       28%         4
c - Spider Form           Tmut/Pois      15%        N/A       9%          3
d - Beastly Appendage     Tmut           30%        N/A       2%          1
e - Scorch                Fire           30%        2d6       4%          2

Your spell library contained the following spells:

 Spells                   Type           Power      Damage    Failure   Level


Dungeon Overview and Level Annotations

Branches:
Dungeon (6/15)
 Temple: D:4-7

Altars:
Kikubaaqudgha

Annotations:
D:3 Pikel


Innate Abilities, Weirdness & Mutations

You are immune to sickness and miasma.
You are immune to poison.
Your flesh is very heat resistant. (rF++)
You are vulnerable to cold. (rC-)
You float through the air rather than walking.
You learn spells naturally, not from books.
Your magical power is your life essence.
You have superior vitality. (+4 MHP)


Message History

The ogre's fire resistance burns away.
The scorpion barely misses you.
A scorpion comes into view.
Casting: Scorch (safe; 6% risk of failure)
Confirm with . or Enter, or press ? or * to list all spells.
You miscast Scorch.
You are very lightly contaminated with residual magic.
Nothing appears to happen.
The scorpion barely misses you.
The ogre is no longer more vulnerable to fire.
The scorpion stings you.
You are too injured to fight recklessly!
Aiming: Sting (safe; 3% risk of failure)
Press: ? - help, Q - select action, (/) - cycle Shift-Dir - straight line, f - scorpion
Aim: a scorpion (almost dead, more vulnerable to fire, 71% to hit)
The sting hits the scorpion.
The scorpion is poisoned.
You kill the scorpion!
Casting: Sting (safe; 3% risk of failure)
Confirm with . or Enter, or press ? or * to list all spells.
Okay, then.
Casting: Sting (safe; 3% risk of failure)
Confirm with . or Enter, or press ? or * to list all spells.
Okay, then.
Casting: Sting (safe; 3% risk of failure)
Confirm with . or Enter, or press ? or * to list all spells.
The spell is quite dangerous to miscast (32% risk of failure)!
Continue anyway?
You begin to radiate toxic energy.
The adder is poisoned.
The ogre is poisoned.
The scorpion is poisoned. x2; The adder looks even sicker.
The ogre looks even sicker.
Your magical contamination has completely faded away.
Your toxic aura wanes.
You kill the adder!
You kill the scorpion!
Your Stealth skill increases to level 1!
The scorpion looks more healthy.
The ogre looks more healthy.
You see here an iguana skeleton.
The ogre hits you with a +0 giant club!
* * * LOW HITPOINT WARNING * * *
The scorpion closely misses you. The scorpion barely misses you.
The scorpion stings you!
You die...

#........#### #...........#
##...........#
#...<........##
#.............#
#.............# ........#
#.............#.<#
.........# ##........>..:..#
.........# #..@........#..#
.........# #..s..........#
.........# #............##
.........# #.O.......#..#
.........# ##..........##
.........######............
............O........#......
....#############.........##
##### #####...###


You could see an ogre and a scorpion.

Vanquished Creatures
  4 lemures
  2 scorpions (D:5)
  A wyvern skeleton (D:5)
  An iguana (D:5)
  Robin (D:2)
  3 gnolls (D:3)
  5 adders
  A worm (D:3)
  2 dart slugs
  2 orcs
  8 ball pythons
  2 endoplasms
  2 giant cockroaches (D:1)
  12 goblins
  9 hobgoblins
  4 jackals (D:2)
  A quokka (D:3)
  9 bats
  3 frilled lizards
  A kobold (D:2)
  A rat (D:3)
74 creatures vanquished.

Vanquished Creatures (others)
  10 demonic plants (D:2)
  11 fungi (D:2)
  7 plants (D:2)
  7 withered plants (D:2)
35 creatures vanquished.

Grand Total: 109 creatures vanquished

Notes
Turn   | Place    | Note
-------+----------+-------------------------------------------
     0 | D:1      | 101zpm the Djinni Wanderer began the quest for the Orb.
     0 | D:1      | Reached XP level 1. HP: 17/17 MP: 0/0
   355 | D:1      | Reached XP level 2. HP: 19/22 MP: 0/0
   587 | D:1      | Reached skill level 2 in Spellcasting
  1340 | D:2      | Found a faded altar of an unknown god.
  1359 | D:2      | Reached XP level 3. HP: 26/27 MP: 0/0
  1359 | D:2      | Learned a level 1 spell: Beastly Appendage
  1809 | D:2      | Noticed Robin
  2322 | D:3      | Reached XP level 4. HP: 22/32 MP: 0/0
  2506 | D:3      | Reached skill level 3 in Spellcasting
  2997 | D:2      | Reached XP level 5. HP: 29/37 MP: 0/0
  2997 | D:2      | Learned a level 2 spell: Scorch
  3027 | D:2      | Killed Robin
  3246 | D:2      | Identified a scroll of acquirement
  3248 | D:2      | Acquired the ring of Ycaen {+Blink Fly rN+ Str+2 Dex-5}
  3871 | D:4      | Noticed Pikel
  3871 | D:4      | Noticed a lemure
  3871 | D:4      | Noticed a lemure
  3871 | D:4      | Noticed a lemure
  3872 | D:4      | Noticed a lemure
  4293 | D:3      | Killed a lemure
  4305 | D:4      | Killed a lemure
  4580 | D:4      | Killed a lemure
  4610 | D:4      | Noticed an ogre
  4908 | D:3      | Killed a lemure
  5098 | D:5      | Entered Level 5 of the Dungeon
  5165 | D:6      | Noticed a centaur
  5296 | D:5      | Reached XP level 6. HP: 31/42 MP: 0/0
  5299 | D:5      | Reached skill level 4 in Spellcasting
  5498 | D:5      | Noticed an ogre
  5518 | D:5      | Reached skill level 1 in Stealth
  5530 | D:5      | HP: 2/42 [ogre/+0 giant club (14)]
  5548 | D:5      | Slain by a scorpion

Illustrated notes

Levels and vault maps discovered:
D:1:      dpeg_arrival_stone_temple_mockup, layout_loops_corners
D:2:      layout_rooms, basic_altar, shapermc_ecumenical_altar_gd,
          nrook_mini_vaults, uniq_robin
D:3:      layout_basic, chequers_mini_garden
D:4:      layout_cave_pools, temple_green, uniq_ijyb, uniq_pikel, uniq_sigmund
D:5:      layout_cave_pods, serial_shops, shop
D:6:      layout_basic

Skill      XL: |  1  2  3  4  5  6 |
---------------+-------------------+-----
Spellcasting   | 2 3 4 |  4.6
Dodging        | 3 |  3.1
Stealth        | 1 |  1.0
Fighting       | |  1.3
Staves         | |  1.9
Armour         | |  1.0
Evocations     | |  1.0

Action                   |  1- 3 |  4- 6 || total
-------------------------+-------+-------++-------
Melee: Quarterstaff      |     2 |     1 ||     3
 Cast: Sting             |    73 |    78 ||   151
       Scorch            |       |    32 ||    32
       Olgreb's Toxic Ra |       |     1 ||     1
  Use: Scroll            |       |     3 ||     3
Armor: Robe              |    18 |    11 ||    29
Dodge: Dodged            |    36 |    54 ||    90
